 Dungeon Crawl Stone Soup version 0.29.1-15-g9cfb28693d (webtiles) character file.

Game seed: 961234275995117874

511 LSt the Charlatan (level 7, -6/52 HPs)
             Began as a Gnoll Artificer on Mar 20, 2023.
             Succumbed to Duvessa's poison
             ... on level 4 of the Dungeon.
             The game lasted 00:28:19 (4152 turns).

LSt the Charlatan (Gnoll Artificer)                 Turns: 4152, Time: 00:28:20

Health: -6/52      AC: 12    Str: 13    XL:     7   Next: 19%
Magic:  10/10      EV: 11    Int: 10    God:
Gold:   257        SH:  0    Dex: 13    Spells: 10/10 levels left

rFire   . . .      SeeInvis .   b - +4 sling
rCold   . . .      Faith    .   (no shield)
rNeg    . . .      Spirit   .   f - +0 ring mail
rPois   .          Reflect  .   D - +0 helmet
rElec   .          Harm     .   (no cloak)
rCorr   .          Rampage  .   (no gloves)
Will    .....                   y - +0 pair of boots
Stlth   ++........              (no amulet)
HPRegen 0.17/turn               k - +4 ring of protection
MPRegen 0.12/turn               (no ring)

@: lethally poisoned (-6 -> -55)
A: fangs 1, strong nose, distributed training
a: no special abilities


You were on level 4 of the Dungeon.
You visited 1 branch of the dungeon, and saw 4 of its levels.

You collected 257 gold pieces.

Inventory:

Hand Weapons
 a - a +0 flail
 b - a +4 sling (weapon)
 l - a +0 club
 p - a +0 whip
 s - a +0 spear
 t - a +0 short sword
 v - a +0 rapier
 x - a +3 dagger
 C - a +2 dagger of speed
 E - a +0 war axe
 G - a +0 falchion
Missiles
 g - 6 poisoned darts
 n - 26 stones
 F - a boomerang
Armour
 f - a +0 ring mail (worn)
 y - a +0 pair of boots (worn)
 z - a +0 leather armour
 A - a +0 scale mail
 D - a +0 helmet (worn)
Magical Staves
 r - a staff of death
Jewellery
 k - a +4 ring of protection (left hand)
Wands
 c - a wand of flame (15)
 d - a wand of charming (9)
 e - a wand of iceblast (3)
Scrolls
 m - 3 scrolls of amnesia
 o - a scroll of poison
 q - 2 scrolls of fog
 u - a scroll of silence {unknown}
Potions
 h - 3 potions of attraction
 i - 4 potions of curing
 j - a potion of haste
 w - a potion of experience {unknown}
 B - a potion of heal wounds {unknown}
 H - a potion of flight {unknown}


   Skills:
 + Level 3.6 Fighting
 + Level 2.4 Short Blades
 + Level 2.4 Long Blades
 + Level 2.4 Axes
 + Level 2.4 Maces & Flails
 + Level 2.4 Polearms
 + Level 2.4 Staves
 + Level 2.4 Ranged Weapons
 + Level 2.4 Throwing
 + Level 5.2 Armour
 + Level 3.6 Dodging
 + Level 3.4 Stealth
 + Level 2.4 Shields
 + Level 2.4 Unarmed Combat
 + Level 2.4 Spellcasting
 + Level 2.0 Conjurations
 + Level 2.0 Hexes
 + Level 2.0 Summonings
 + Level 2.0 Necromancy
 + Level 2.0 Translocations
 + Level 2.0 Transmutations
 + Level 2.0 Fire Magic
 + Level 2.0 Ice Magic
 + Level 2.0 Air Magic
 + Level 2.0 Earth Magic
 + Level 2.0 Poison Magic
 + Level 2.7 Invocations
 + Level 7.0 Evocations


You had 10 spell levels left.
You didn't know any spells.
Your spell library contained the following spells:

 Spells                   Type           Power      Damage    Failure   Level
 Necrotise                Necr           20%        1d5       26%         1
 Slow                     Hex            20%        N/A       26%         1
 Vampiric Draining        Necr           5%         2d6       61%         3
 Agony                    Necr           5%         N/A       100%        5


Dungeon Overview and Level Annotations

Branches:
Dungeon (4/15)
 Temple: D:4-7

Altars:
The Shining One

Annotations:
D:4 Duvessa, Pikel


Innate Abilities, Weirdness & Mutations

You have very sharp teeth.
Your uncanny sense of smell can sniff out nearby items.
Your experience applies equally to all skills.


Message History

Aiming: Charm
Press: ? - help, Shift-Dir - straight line, f/p - Duvessa
Aim: Duvessa, wielding a +3 short sword of venom and wearing a +0 ring mail (lightly wounded, berserk, chance to affect: 49%) Duvessa resists with some effort.
Duvessa rages.
Aiming: Charm
Press: ? - help, Shift-Dir - straight line, f/p - Duvessa
Aim: Duvessa, wielding a +3 short sword of venom and wearing a +0 ring mail (lightly wounded, berserk, chance to affect: 49%) Duvessa resists with some effort.
Duvessa hits you with a +3 short sword of venom.
Aiming: Charm
Press: ? - help, Shift-Dir - straight line, f/p - Duvessa
Aim: Duvessa, wielding a +3 short sword of venom and wearing a +0 ring mail (lightly wounded, berserk, chance to affect: 49%) Duvessa resists with some effort.
Duvessa hits you with a +3 short sword of venom!
You are poisoned.
Duvessa misses you.
Aiming: Charm
Press: ? - help, Shift-Dir - straight line, f/p - Duvessa
Aim: Duvessa, wielding a +3 short sword of venom and wearing a +0 ring mail (lightly wounded, berserk, chance to affect: 49%) Duvessa resists with some effort.
You feel very sick.
Duvessa hits you with a +3 short sword of venom.
You are more poisoned.
Aiming: Charm
Press: ? - help, Shift-Dir - straight line, f/p - Duvessa
Aim: Duvessa, wielding a +3 short sword of venom and wearing a +0 ring mail (lightly wounded, berserk, chance to affect: 49%) Duvessa resists with some effort.
You feel very sick.
Duvessa hits you with a +3 short sword of venom!
* * * LOW HITPOINT WARNING * * *
You are more poisoned.
Duvessa hits you with a +3 short sword of venom!
* * * LOW HITPOINT WARNING * * *
You are more poisoned.
Aiming: Charm
Press: ? - help, Shift-Dir - straight line, f/p - Duvessa
Aim: Duvessa, wielding a +3 short sword of venom and wearing a +0 ring mail (lightly wounded, berserk, chance to affect: 49%) Duvessa resists with some effort.
You die...

.........################.######
#>.....[............##.#
#.#<#.#############.##.# #...#.#
#..#.# # ###...#.# ##...######
#.....#.# ######.#...##
#.##..#.# #......#.#.##
#.##..#.###########.####.#.#.##
#.#..........e@................
#.#.#.#.###########†#.#<.#.#.##
#.#.#.#.# ######.#+##....... #.#
## # #.............#.## #.#
#............##... #.##########
#............##### #.....^....#
#............# ############.#
############.# K.5[5...# #.# #.#


You could see Duvessa (berserk).

Vanquished Creatures
  Sigmund (D:4)
  4 lemures (D:4)
  Blork the orc (D:4)
  A scorpion (D:3)
  Dowan (D:4)
  An orc priest (D:4)
  An orc wizard (D:4)
  6 adders
  A worm (D:3)
  3 dart slugs (D:1)
  12 orcs
  3 ball pythons
  4 bats
  6 endoplasms
  A giant cockroach (D:2)
  2 goblins
  2 hobgoblins
  6 jackals (D:2)
  3 quokkas
  4 frilled lizards
  5 kobolds
  5 rats
73 creatures vanquished.

Notes
Turn   | Place    | Note
-------+----------+-------------------------------------------
     0 | D:1      | LSt the Gnoll Artificer began the quest for the Orb.
     0 | D:1      | Reached XP level 1. HP: 17/17 MP: 1/1
   441 | D:1      | Reached XP level 2. HP: 23/23 MP: 2/2
   843 | D:1      | Found a faded altar of an unknown god.
   863 | D:1      | Got Plato's Verses on Ensorcelling
  1045 | D:2      | Found a glowing golden altar of the Shining One.
  1133 | D:2      | Reached XP level 3. HP: 27/28 MP: 3/3
  1409 | D:2      | Reached skill level 1 in Invocations
  1543 | D:2      | Reached skill level 1 in Short Blades
  1543 | D:2      | Reached skill level 1 in Long Blades
  1543 | D:2      | Reached skill level 1 in Axes
  1543 | D:2      | Reached skill level 1 in Maces & Flails
  1543 | D:2      | Reached skill level 1 in Polearms
  1543 | D:2      | Reached skill level 1 in Staves
  1543 | D:2      | Reached skill level 1 in Ranged Weapons
  1543 | D:2      | Reached skill level 1 in Throwing
  1543 | D:2      | Reached skill level 1 in Shields
  1543 | D:2      | Reached skill level 1 in Unarmed Combat
  1543 | D:2      | Reached skill level 1 in Spellcasting
  1795 | D:2      | Reached XP level 4. HP: 34/34 MP: 5/5
  2231 | D:3      | Reached skill level 1 in Conjurations
  2231 | D:3      | Reached skill level 1 in Hexes
  2231 | D:3      | Reached skill level 1 in Summonings
  2231 | D:3      | Reached skill level 1 in Necromancy
  2231 | D:3      | Reached skill level 1 in Translocations
  2231 | D:3      | Reached skill level 1 in Transmutations
  2231 | D:3      | Reached skill level 1 in Fire Magic
  2231 | D:3      | Reached skill level 1 in Ice Magic
  2231 | D:3      | Reached skill level 1 in Air Magic
  2231 | D:3      | Reached skill level 1 in Earth Magic
  2231 | D:3      | Reached skill level 1 in Poison Magic
  3164 | D:4      | Noticed Dowan
  3194 | D:4      | Noticed Blork the orc
  3288 | D:4      | Killed Dowan
  3289 | D:4      | Reached XP level 5. HP: 38/41 MP: 5/7
  3304 | D:4      | Noticed Duvessa
  3349 | D:4      | Noticed a lemure
  3363 | D:4      | Killed a lemure
  3387 | D:4      | Noticed a lemure
  3387 | D:4      | Noticed a lemure
  3389 | D:4      | Noticed Pikel
  3422 | D:4      | Killed a lemure
  3426 | D:4      | Killed a lemure
  3612 | D:4      | Killed Blork the orc
  3629 | D:3      | Reached skill level 5 in Armour
  3629 | D:3      | Reached XP level 6. HP: 34/47 MP: 7/9
  4065 | D:4      | Noticed Sigmund
  4070 | D:4      | Killed Sigmund
  4071 | D:4      | Reached skill level 7 in Evocations
  4071 | D:4      | Reached XP level 7. HP: 52/52 MP: 10/10
  4152 | D:4      | Succumbed to Duvessa's poison

Illustrated notes

Levels and vault maps discovered:
D:1:      wander_arrival_abandoned_jail, layout_loops_ring,
          shapermc_ecumenical_altar_rom_forum, reono_crystal_passage
D:2:      layout_rooms, basic_altar, minmay_heptomino_l4
D:3:      layout_basic
D:4:      layout_basic, uniq_duvessa, uniq_sigmund, uniq_blork_the_orc,
          uniq_pikel

Skill      XL: |  1  2  3  4  5  6 |
---------------+-------------------+-----
Invocations    | 1 2 |  2.7
Short Blades   | 1 2 |  2.4
Long Blades    | 1 2 |  2.4
Axes           | 1 2 |  2.4
Maces & Flails | 1 2 |  2.4
Polearms       | 1 2 |  2.4
Staves         | 1 2 |  2.4
Ranged Weapons | 1 2 |  2.4
Throwing       | 1 2 |  2.4
Shields        | 1 2 |  2.4
Unarmed Combat | 1 2 |  2.4
Spellcasting   | 1 2 |  2.4
Conjurations   | 1 2 |  2.0
Hexes          | 1 2 |  2.0
Summonings     | 1 2 |  2.0
Necromancy     | 1 2 |  2.0
Translocations | 1 2 |  2.0
Transmutations | 1 2 |  2.0
Fire Magic     | 1 2 |  2.0
Ice Magic      | 1 2 |  2.0
Air Magic      | 1 2 |  2.0
Earth Magic    | 1 2 |  2.0
Poison Magic   | 1 2 |  2.0
Fighting       | 3 |  3.6
Dodging        | 3 |  3.6
Armour         | 5 |  5.2
Stealth        | 3 |  3.4
Evocations     | 7 |  7.0

Action                   |  1- 3 |  4- 6 |  7- 9 || total
-------------------------+-------+-------+-------++-------
Melee: Club              |    50 |       |       ||    50
       Bite              |    14 |     6 |       ||    20
       Whip              |    57 |       |       ||    57
       Punch             |     2 |     1 |       ||     3
       Flail             |    37 |    40 |       ||    77
       Spear             |       |     4 |       ||     4
 Fire: Sling             |       |   117 |    14 ||   131
Throw: Stone             |     2 |     1 |       ||     3
Evoke: Wand              |       |     2 |     6 ||     8
  Use: Scroll            |     2 |     4 |       ||     6
Armor: Ring mail         |    67 |    84 |     2 ||   153
Dodge: Dodged            |    75 |    95 |     4 ||   174
